 Dungeon Crawl Stone Soup version 0.30.1-4-g462c640d31 (webtiles) character file.

Game seed: 3657565538807275912

102333 Peloso the Fencer (level 15, -4/147 HPs)
             Began as a Minotaur Fighter on Aug 10, 2023.
             Was a High Priest of Okawaru.
             Slain by Xeun's ghost (30 damage)
             ... on level 1 of the Orcish Mines.
             The game lasted 01:12:10 (33599 turns).

Peloso the Fencer (Minotaur Fighter)               Turns: 33599, Time: 01:12:11

Health: -4/147     AC: 31    Str: 24      XL:     15   Next: 85%
Magic:  14/16      EV: 12    Int:  5      God:    Okawaru [*****.]
Gold:   1917       SH:  9    Dex: 13 (14) Spells: 14/14 levels left

rFire   + + .        b - +6 scimitar "Gram" {holy, rElec}
rCold   + + .        d - +0 buckler {rC+}
rNeg    . . .        f - +3 plate armour {Will+}
rPois   .            (helmet restricted)
rElec   +            M - scarf {rC+ rF+}
rCorr   .            c - +2 pair of gloves
SInv    .            O - +2 pair of boots {Stlth+}
Will    ++...        (no amulet) Stlth
                     y - ring of flight
HPRegen 0.44/turn    F - ring of protection from fire
MPRegen 0.15/turn

%: no passive effects
@: heroic, flying
A: horns 2, retaliatory headbutt
a: Renounce Religion, Heroism, Finesse, Duel


You were on level 1 of the Orcish Mines.
You worshipped Okawaru.
Okawaru was extremely pleased with you.
You visited 4 branches of the dungeon, and saw 22 of its levels.
You also visited: Bailey, Ice Cave and Volcano.

You collected 2533 gold pieces.
You spent 616 gold pieces at shops.

Inventory:

Hand Weapons
 a - a +0 scimitar of flaming
 b - the +6 scimitar "Gram" (weapon) {holy, rElec}
   (You found it on level 5 of the Lair of Beasts)

   rElec:     It insulates you from electricity.
Armour
 c - a +2 pair of gloves (worn)
 d - a +0 buckler of cold resistance (worn)
 f - a +3 plate armour of willpower (worn)
 A - a +3 scale mail of poison resistance
 E - a +0 crystal plate armour of cold resistance
 L - a +0 cloak of cold resistance
 M - a scarf of resistance (worn)
 O - a +2 pair of boots of stealth (worn)
Jewellery
 r - a ring of magical power
 w - a ring of see invisible
 y - a ring of flight (left hand)
 F - a ring of protection from fire (right hand)
Wands
 l - a wand of paralysis (6)
 v - a wand of flame (38)
 D - a wand of iceblast (27)
Scrolls
 e - 5 scrolls of poison
 g - 3 scrolls of teleportation
 i - 4 scrolls of noise
 n - 2 scrolls of magic mapping
 q - 2 scrolls of immolation
 t - 3 scrolls of enchant weapon
 z - 4 scrolls of butterflies
 B - 4 scrolls of amnesia
 I - 6 scrolls of enchant armour
 R - a scroll of blinking
 S - a scroll of fog
 U - a scroll of silence
 V - 4 scrolls of fear
 W - 2 scrolls of identify
Potions
 j - 6 potions of brilliance
 k - 2 potions of invisibility
 m - 10 potions of curing
 o - 2 potions of flight
 p - 4 potions of attraction
 s - 4 potions of mutation
 x - 2 potions of ambrosia
 C - 3 potions of lignification
 G - a potion of haste
 H - 2 potions of cancellation
 P - 6 potions of magic
 Q - a potion of resistance
 T - 4 potions of might
Miscellaneous
 h - a tin of tremorstones (2/2)
 u - a box of beasts
 J - a lightning rod (4/4)
 K - a phantom mirror
 N - a phial of floods


   Skills:
 + Level 17.0(22.0) Fighting
 + Level 18.4(23.4) Long Blades
 + Level 17.9(22.9) Armour
 + Level 4.5(9.5) Dodging
 + Level 2.8(7.8) Stealth
 + Level 14.1(19.1) Shields
 + Level 3.6 Invocations
 + Level 1.8 Evocations


You had 14 spell levels left.
You didn't know any spells.
Your spell library contained the following spells:

 Spells                   Type           Power      Damage    Failure   Level
 Apportation              Tloc           0%         N/A       95%         1
 Foxfire                  Conj/Fire      0%         2x1d4     95%         1
 Magic Dart               Conj           0%         1d3       95%         1
 Blink                    Tloc           0%         N/A       98%         2
 Mephitic Cloud           Conj/Pois/Air  0%         N/A       100%        3
 Manifold Assault         Tloc           0%         N/A       100%        4
 Alistair's Intoxication  Tmut/Pois      0%         N/A       100%        5
 Blade Hands              Tmut           0%         N/A       100%        5
 Borgnjor's Vile Clutch   Necr/Erth      0%         N/A       100%        5
 Fireball                 Conj/Fire      0%         3d3       100%        5
 Iron Shot                Conj/Erth      0%         9d1       100%        6
 Plasma Beam              Fire/Air       0%         2x1d11    100%        6
 Starburst                Conj/Fire      0%         6d3       100%        6
 Storm Form               Tmut/Air       0%         N/A       100%        7
 Call Imp                 Summ           Unusable   N/A       N/A         2
 Animate Armour           Summ/Erth      Unusable   N/A       N/A         4
 Animate Dead             Necr           Unusable   N/A       N/A         4
 Death Channel            Necr           Unusable   N/A       N/A         6

Dungeon Overview and Level Annotations

Branches:
Dungeon (14/15)            Temple (1/1) D:6            Lair (5/5) D:10
  Swamp (0/4) Lair:3        Snake (0/4) Lair:3        Slime (0/5) Lair:5
    Orc (2/2) D:11            Elf (0/3) Orc:2        Bailey (visited)
  IceCv (visited)         Volcano (visited)
 Vaults: D:13-14

Altars:
Ashenzari
Cheibriados
Dithmenos
Elyvilon
Fedhas
Gozag
Hepliaklqana
Kikubaaqudgha
Makhleb
Nemelex Xobeh
Okawaru
Qazlal
Ru
Sif Muna
Trog
Uskayaw
Vehumet
Wu Jian
Xom
Yredelemnul
Zin
The Shining One
Jiyva

Shops:
D:2 ?   D:8 *   D:12 =(   Orc:1 *   Orc:2 *!!!

Annotations:
D:7 Dig
D:12 Dig
Orc:1 Xeun's ghost, journeyman TrBe


Innate Abilities, Weirdness & Mutations

You have a pair of horns on your head.
You reflexively headbutt those who attack you in melee.


Message History

Xeun's ghost hits you but does no damage.
You barely miss Xeun's ghost.
Xeun's ghost is moderately damaged.
Xeun's ghost hits you but does no damage.
You hit Xeun's ghost.
Xeun's ghost convulses.
Xeun's ghost is moderately damaged.
You hit Xeun's ghost.
Xeun's ghost convulses.
Your headbutt misses Xeun's ghost.
Xeun's ghost is moderately damaged.
Xeun's ghost hits you but does no damage.
You hit Xeun's ghost.
Xeun's ghost convulses.
Xeun's ghost is heavily damaged.
You block Xeun's ghost's attack.
You closely miss Xeun's ghost.
Xeun's ghost is heavily damaged.
You miss Xeun's ghost.
Xeun's ghost is heavily damaged.
You block Xeun's ghost's attack.
You slash Xeun's ghost!
Xeun's ghost convulses!
Xeun's ghost is heavily damaged.
Xeun's ghost hits you! Xeun's ghost burns you.
You closely miss Xeun's ghost.
Xeun's ghost is heavily damaged.
Xeun's ghost screams, "Zot is a myth, the ORB is a fable, you'll soon be a tale!"
Xeun's ghost hits you!! Xeun's ghost burns you.
You hit Xeun's ghost but do no damage. You headbutt Xeun's ghost.
Xeun's ghost is heavily damaged.
You slash Xeun's ghost!
Xeun's ghost convulses.
Xeun's ghost is severely damaged.
Xeun's ghost hits you!!
* * * LOW HITPOINT WARNING * * *
Xeun's ghost burns you.
* * * LOW HITPOINT WARNING * * *
You slash Xeun's ghost!
Xeun's ghost convulses!
Your headbutt misses Xeun's ghost.
Xeun's ghost is almost destroyed.
You block Xeun's ghost's attack.
You gain the combat prowess of a mighty hero.
Xeun's ghost hits you!!
You die...

#...#.### ###...## ###.##..###
###....###
##.........###.....###.
#...........#.....###..
#......##........#####.
##.....####...).).#.##.
##..#...#=.#....).#.....
#.......W|8#.........#..
##...[.@#$.#.[..........
###....[.####[[.......#.#
##....)[......#.........##
#......<>.................
#####....)).[...........#....
###........................#...
##......^..................###.#
#......#.#..#.......##....#.####
#............................#


You could see Xeun's ghost.

Vanquished Creatures
  Kirke (Lair:4)
  A frost giant (IceCv)
  A reaper (Lair:2)
  5 dire elephants (Lair:5)
  Azrael (D:13)
  Snorg (D:14)
  Erolcha (D:13)
  10 hydras
  4 ogre magi
  Harold (Lair:2)
  A centaur warrior (D:13)
  A boulder beetle (Lair:5)
  A catoblepas (D:13)
  17 two-headed ogres
  2 tengu warriors (D:13)
  9 death yaks
  2 spectral death yaks (Lair:5)
  A skyshark (Lair:5)
  2 skeletal warriors (Volcano)
  4 bog bodies (Lair:3)
  A spectral anaconda (Lair:5)
  2 anaconda skeletons (Volcano)
  An obsidian statue (Lair:5)
  4 necromancers (Lair:5)
  A deep elf pyromancer (D:12)
  3 orc knights (Orc:1)
  3 ugly things
  A manticore (D:13)
  4 orc sorcerers
  8 elephants
  2 cyclopes
  An ice statue (IceCv)
  6 black mambas
  10 cane toads
  7 gargoyles
  16 rime drakes
  7 komodo dragons
  2 unseen horrors
  A kobold demonologist (D:14)
  2 trolls
  6 polar bears
  4 dream sheep (Lair:2)
  3 harpy skeletons (Volcano)
  16 blink frogs
  2 spectral elephants (Lair:5)
  3 flying skulls (Volcano)
  2 alligator skeletons (Volcano)
  3 vampires
  4 wraiths
  A spriggan (shapeshifter) (D:13)
  6 wyverns
  2 shadows
  5 humans
  A basilisk (D:14)
  3 fire elementals
  78 yaks
  3 hogs (Lair:4)
  5 steam dragons
  7 vampire mosquitoes
  2 death yak simulacra (Lair:5)
  Menkaure (D:5)
  3 spectral cane toads (Lair:5)
  A swamp worm (Lair:3)
  An acid dragon (D:11)
  5 hell hounds
  13 water moccasins
  2 ice beasts
  18 orc warriors
  A black bear (Lair:1)
  4 centaurs
  An elephant zombie (Lair:5)
  30 ogres
  15 wolves
  2 kobold brigands
  13 bullfrogs
  A gnoll sergeant (D:7)
  A scorpion (D:10)
  Blork the orc (D:5)
  5 wights (D:7)
  3 killer bees (D:7)
  A troll skeleton (Volcano)
  2 electric eels
  6 howler monkeys
  8 vampire bats (Bailey)
  8 wolf zombies (Bailey)
  2 spriggan skeletons (Volcano)
  3 hounds
  6 jellies
  15 orc priests
  Crazy Yiuf (D:4)
  4 gnoll boudas
  5 iguanas
  A sleepcap (D:7)
  Ijyb (D:4)
  24 orc wizards
  12 hell rats
  A statue (D:13)
  A naga skeleton (Volcano)
  41 gnolls
  5 adders
  2 shadow imps
  A white imp (D:7)
  3 worms
  4 dart slugs
  84 orcs
  11 endoplasms
  2 giant cockroaches
  7 goblins
  9 hobgoblins
  15 jackals
  4 quokkas
  4 ball pythons
  5 bats
  3 frilled lizards
  17 kobolds
  18 orc zombies (Bailey)
  24 rats
785 creatures vanquished.

Vanquished Creatures (others)
  2 orcs (Orc:1)
2 creatures vanquished.

Grand Total: 787 creatures vanquished

Notes
Turn   | Place    | Note
-------+----------+-------------------------------------------
     0 | D:1      | Peloso the Minotaur Fighter began the quest for the Orb.
     0 | D:1      | Reached XP level 1. HP: 19/19 MP: 0/0
   147 | D:1      | Reached XP level 2. HP: 27/27 MP: 1/1
   571 | D:2      | Reached XP level 3. HP: 33/33 MP: 2/2
   604 | D:2      | Found Larog's Magic Scroll Shop.
   807 | D:2      | Reached skill level 3 in Long Blades
  1562 | D:2      | Bought a scroll of magic mapping for 90 gold pieces
  1595 | D:3      | Reached XP level 4. HP: 41/41 MP: 3/3
  1624 | D:3      | Reached skill level 4 in Long Blades
  1887 | D:3      | Reached XP level 5. HP: 45/47 MP: 4/4
  2048 | D:2      | Reached skill level 5 in Long Blades
  2349 | D:3      | Found a stormy altar of Qazlal.
  2883 | D:4      | Reached XP level 6. HP: 33/53 MP: 5/5
  3148 | D:4      | Noticed Ijyb
  3174 | D:4      | Killed Ijyb
  3358 | D:4      | Found a runed translucent door.
  3359 | D:4      | Noticed Crazy Yiuf
  3442 | D:5      | Entered Level 5 of the Dungeon
  3452 | D:5      | Reached skill level 5 in Fighting
  3460 | D:5      | Reached skill level 5 in Armour
  3471 | D:5      | Noticed Menkaure
  3477 | D:5      | Killed Menkaure
  3478 | D:5      | Reached skill level 6 in Long Blades
  3478 | D:5      | Reached skill level 1 in Dodging
  3478 | D:5      | Reached XP level 7. HP: 49/61 MP: 6/6
  3611 | D:5      | Noticed Blork the orc
  3621 | D:5      | Killed Blork the orc
  4089 | D:5      | Reached skill level 7 in Long Blades
  4108 | D:5      | Reached skill level 5 in Shields
  4534 | D:5      | Reached XP level 8. HP: 30/70 MP: 7/7
  5493 | D:6      | Found a staircase to the Ecumenical Temple.
  5567 | D:6      | Reached skill level 8 in Long Blades
  5675 | D:6      | Reached skill level 9 in Long Blades
  6006 | D:6      | Noticed a two-headed ogre
  6017 | D:6      | Killed a two-headed ogre
  6018 | D:6      | Reached skill level 10 in Long Blades
  6018 | D:6      | Reached XP level 9. HP: 6/79 MP: 8/8
  6913 | Temple   | Entered the Ecumenical Temple
  7069 | Temple   | Became a worshipper of Warmaster Okawaru
  7355 | D:7      | Found a blossoming altar of Fedhas.
  7372 | D:7      | Reached skill level 11 in Long Blades
  7427 | D:7      | Reached * piety under Okawaru
  8213 | D:7      | Found a glowing silver altar of Zin.
  8307 | D:8      | Found a sparkling altar of Nemelex Xobeh.
  8322 | D:8      | Noticed a troll
  8334 | D:8      | Killed a troll
  8335 | D:8      | Reached XP level 10. HP: 58/88 MP: 9/9
  8501 | D:8      | Found a broken altar of Ashenzari.
  8501 | D:8      | Found a bloodstained altar of Trog.
  8508 | D:8      | Found a snail-covered altar of Cheibriados.
  8510 | D:8      | Found a hazy altar of Hepliaklqana.
  8614 | D:8      | Found Upiydgh's Assorted Antiques.
  8646 | D:7      | Reached ** piety under Okawaru
  8910 | D:8      | Bought a scroll labelled SOIBROQ RARRUSOLL for 17 gold
                  | pieces
  8910 | D:8      | Bought a scroll labelled TUDICVILODGH for 17 gold pieces
  8910 | D:8      | Bought a puce potion for 15 gold pieces
  9156 | D:9      | Found a sacrificial altar of Ru.
  9167 | D:9      | Reached skill level 10 in Armour
  9200 | D:9      | Reached skill level 12 in Long Blades
  9382 | D:9      | Found a flagged portal.
  9391 | Bailey   | Entered a bailey
  9642 | Bailey   | Noticed a gargoyle
  9653 | Bailey   | Killed a gargoyle
  9771 | Bailey   | Reached *** piety under Okawaru
  9879 | Bailey   | Reached skill level 13 in Long Blades
 10387 | D:9      | Identified the +1 trident of Arbitration {freeze, rF- rC++
                  | Int+3}
 10716 | D:10     | Entered Level 10 of the Dungeon
 10971 | D:9      | Reached XP level 11. HP: 72/99 MP: 10/10
 11081 | D:9      | Reached **** piety under Okawaru
 11269 | D:10     | Reached skill level 10 in Fighting
 11403 | D:10     | Found a staircase to the Lair.
 11669 | D:10     | Noticed a two-headed ogre
 11677 | D:10     | Killed a two-headed ogre
 11888 | D:11     | Reached skill level 14 in Long Blades
 11983 | D:11     | Reached skill level 1 in Stealth
 12470 | D:11     | Found a transporter.
 12500 | D:11     | Found a staircase to the Orcish Mines.
 12522 | D:11     | Received a gift from Okawaru
 12663 | D:11     | Found a transporter.
 12786 | D:11     | Noticed a white ugly thing
 12797 | D:11     | Killed a white ugly thing
 12837 | D:11     | Noticed a two-headed ogre
 12837 | D:11     | Noticed a two-headed ogre
 12861 | D:11     | Killed a two-headed ogre
 13217 | D:11     | Killed a two-headed ogre
 13352 | D:11     | Found a transporter.
 13611 | D:11     | Found a transporter.
 13750 | D:12     | Found Zutzeyn's Jewellery Emporium.
 14030 | D:12     | Reached skill level 1 in Invocations
 14030 | D:12     | Reached XP level 12. HP: 110/110 MP: 11/11
 14794 | D:12     | Found Lewos's Weapon Emporium.
 14911 | Lair:1   | Entered Level 1 of the Lair of Beasts
 15277 | Lair:1   | Reached ***** piety under Okawaru
 15601 | Lair:1   | Reached skill level 15 in Long Blades
 15602 | Lair:1   | Received a gift from Okawaru
 16296 | Lair:2   | Found a dark tunnel.
 16312 | Lair:2   | Noticed Harold
 16331 | Volcano  | Entered a volcano
 16888 | Volcano  | Reached skill level 10 in Shields
 17217 | Volcano  | Reached XP level 13. HP: 35/112 MP: 13/13
 17748 | Volcano  | Identified the +2 robe "Loxudaem" {rPois rF++ Str-5 Slay+3}
 17808 | Lair:2   | Killed Harold
 17889 | Orc:1    | Entered Level 1 of the Orcish Mines
 17889 | Orc:1    | Noticed Xeun's ghost (journeyman TrBe)
 17889 | Orc:1    | Found a runed translucent door.
 18677 | Orc:1    | Reached skill level 16 in Long Blades
 18965 | Orc:1    | Found Qeniwyda's Assorted Antiques.
 18983 | Orc:1    | Bought a ruby potion for 27 gold pieces
 18983 | Orc:1    | Bought a fuming silvery potion for 27 gold pieces
 18983 | Orc:1    | Bought a scroll labelled ZIMAG QEARAFALIF for 31 gold
                  | pieces
 19036 | Orc:1    | Paralysed by an orc sorcerer for 4 turns
 19556 | Orc:2    | Entered Level 2 of the Orcish Mines
 21748 | Orc:1    | Reached skill level 15 in Armour
 22911 | Orc:2    | Paralysed by an orc sorcerer for 5 turns
 22918 | Orc:2    | Reached XP level 14. HP: 85/133 MP: 13/15
 23143 | Orc:2    | Found Dialawad's Distillery.
 23143 | Orc:2    | Found Ofith's Distillery.
 23144 | Orc:2    | Found Rodotuxi's General Store.
 23144 | Orc:2    | Found Haphouh's Distillery.
 23154 | Orc:2    | Bought a potion of heal wounds for 80 gold pieces
 23155 | Orc:2    | Bought a potion of might for 60 gold pieces
 23157 | Orc:2    | Bought a potion of might for 56 gold pieces
 23157 | Orc:2    | Bought a potion of might for 56 gold pieces
 23157 | Orc:2    | Bought a potion of heal wounds for 70 gold pieces
 23157 | Orc:2    | Bought a potion of heal wounds for 70 gold pieces
 23263 | Orc:2    | Found a staircase to the Elven Halls.
 23668 | D:13     | Noticed Azrael
 23944 | D:13     | Killed Azrael
 24078 | D:13     | You are sucked into a shaft and drop 1 floor!
 24186 | D:14     | Noticed Snorg
 24202 | D:14     | Killed Snorg
 24373 | D:13     | Noticed Erolcha
 24380 | D:13     | Killed Erolcha
 24408 | D:13     | Found a radiant altar of Vehumet.
 24781 | D:13     | Reached skill level 15 in Fighting
 25707 | Lair:2   | Identified the +1 pair of boots of the Jackalope {Stlth+}
 26163 | Lair:2   | Found a runed translucent door.
 26166 | Lair:2   | Noticed a reaper
 26187 | Lair:2   | Killed a reaper
 27026 | Lair:3   | Received a gift from Okawaru
 27027 | Lair:3   | Reached skill level 17 in Long Blades
 27887 | Lair:3   | Found a staircase to the Snake Pit.
 28165 | Lair:3   | Found a staircase to the Swamp.
 28349 | Lair:4   | Received a gift from Okawaru
 28410 | Lair:4   | Found a frozen archway.
 28751 | IceCv    | Entered an ice cave
 28852 | IceCv    | Reached XP level 15. HP: 109/141 MP: 16/16
 29358 | IceCv    | Noticed a frost giant
 29418 | IceCv    | Killed a frost giant
 29428 | IceCv    | Reached skill level 1 in Evocations
 29853 | IceCv    | Received a gift from Okawaru
 30356 | Lair:4   | Noticed Kirke
 30388 | Lair:4   | Killed Kirke
 30862 | Lair:5   | Entered Level 5 of the Lair of Beasts
 31164 | Lair:5   | Reached skill level 18 in Long Blades
 31602 | Lair:5   | Identified the -2 pair of gloves of the Gloaming {*Slow
                  | Will+ Int+2} (Okawaru gifted it to you on level 5 of the
                  | Lair of Beasts)
 31602 | Lair:5   | Received a gift from Okawaru
 31845 | Lair:5   | Found a staircase to the Slime Pits.
 31847 | Lair:5   | Found a viscous altar of Jiyva.
 32761 | Lair:5   | Identified the +6 scimitar "Gram" {holy, rElec}
 32932 | Lair:5   | Identified the +5 quarterstaff of Lorghig {heavy, rF+ rN++}
 33412 | D:4      | Killed Crazy Yiuf
 33599 | Orc:1    | Slain by Xeun's ghost

Illustrated notes

Levels and vault maps discovered:
D:1:      psy_arrival_fountain, layout_rooms, patterned_corridor
D:2:      layout_basic, serial_shops, shop_scrolls, minmay_rat_hole
D:3:      layout_basic, nicolae_qazlal_eye_of_the_storm, serial_rivers,
          chequers_serial_rivers_micro_c, chequers_serial_rivers_micro_e,
          chequers_serial_rivers_room_b, chequers_serial_rivers_micro_c,
          chequers_serial_rivers_small_b, chequers_serial_rivers_micro_b,
          wad_floor_pattern_1
D:4:      layout_basic, chequers_serial_rivers_micro_c, uniq_ijyb,
          uniq_crazy_yiuf_cottage
D:5:      lemuel_castle_with_subvaults [lemuel_castle_interior_carwin_3],
          layout_layer_cave, serial_bayou_lake_a, uniq_menkaure,
          uniq_blork_the_orc
D:6:      layout_loops_ring, lemuel_temple_firewalk_a, nicolae_grassy_gnolls
D:7:      layout_basic, mainiacjoe_overflow_paths, zin_scriptorium
D:8:      layout_rooms, grunt_temple_overflow_open,
          nemelex_xobeh_ov_fountains_minmay, serial_shops,
          nicolae_shop_just_a_little_nook
D:9:      layout_roguey, nicolae_ru_sacrificial_ziggurat, enter_bailey_8
D:10:     layout_gridville, grunt_lair_entry_orc_guard_hut
D:11:     minmay_bubble_buster, layout_stronghold, nicolae_diode_intersection
D:12:     layout_grid_maze, serial_shops, nicolae_shop_stone,
          nicolae_shop_stone, nicolae_straight_to_the_point
D:13:     layout_stronghold, vehumet_statue, uniq_azrael, uniq_erolcha
D:14:     layout_roguey, david_vaults_3, fedhas_altar_fruit_tree,
          gammafunk_ghost_spectres, uniq_rupert, uniq_snorg
Temple:   oiseaux_autumnal_temple
Lair:1:   layout_loops_ring, wad_woods_river_01
Lair:2:   layout_roguey, nicolae_volcano_entry_hallway,
          pdpol_lair_cabin_in_the_woods, grunt_megastairs_5, lemuel_fruit_tree,
          uniq_harold
Lair:3:   layout_regular_city, nicolae_swamp_entry_splash_gauntlet,
          guppyfry_snake_entry_island, infiniplex_staircase_pool_2,
          serial_bayou_shore_a
Lair:4:   layout_loops_ring, portal_ice_cave_rime, grunt_megastairs_1,
          uniq_kirke
Lair:5:   due_jungle_book, layout_layer_cave, nicolae_slime_entry_slimehenge,
          minmay_lair_drake_nest
Orc:1:    layout_caves, gammafunk_ghost_grave, serial_shops, shop
Orc:2:    st_orc_ogre_mass, layout_caves, uniq_nessos

Skill      XL: |  1  2  3  4  5  6  7  8  9 10 11 12 13 14 15 |
---------------+----------------------------------------------+-----
Fighting       | 4 5 7 8 9 11 12 14 15 17 | 17.0
Armour         | 4 5 6 8 9 10 12 13 15 17 | 17.9
Long Blades    | 3 4 5 6 7 10 11 13 14 15 16 17 18 | 18.4
Shields        | 4 5 6 7 9 10 11 13 14 | 14.1
Dodging        | 1 2 3 4 |  4.5
Stealth        | 2 |  2.8
Invocations    | 1 2 3 |  3.6
Evocations     | 1 |  1.8

Action                     |  1- 3 |  4- 6 |  7- 9 | 10-12 | 13-15 || total
---------------------------+-------+-------+-------+-------+-------++-------
  Melee: Long sword        |   132 |   145 |   527 |  1147 |   614 ||  2565
         Headbutt          |    10 |    22 |   118 |   308 |   512 ||   970
         Scimitar          |       |       |       |       |  1085 ||  1085
 Invoke: Heroism           |       |       |       |    18 |    40 ||    58
  Evoke: Wand              |       |       |       |     7 |     5 ||    12
    Use: Potion            |     4 |       |       |     3 |    13 ||    20
         Scroll            |     1 |       |       |    21 |     8 ||    30
 Armour: Scale mail        |     8 |       |       |       |       ||     8
         Plate armour      |    71 |    87 |   367 |   692 |  1025 ||  2242
  Dodge: Dodged            |    38 |    21 |   182 |   335 |   586 ||  1162
  Block: Buckler           |    32 |    39 |   153 |   316 |   548 ||  1088
